 Dungeon Crawl Stone Soup version 0.25-a0-972-g74ed164fb1 (webtiles) character file.

Game seed: 2232309792245498276, levelgen mode: deterministic

9 Chiseanne the Skirmisher (level 2, 24/24 HPs)
             Began as a Demonspawn Wanderer on May 8, 2020.
             Quit the game on level 1 of the Dungeon.
             The game lasted 00:00:43 (107 turns).

Chiseanne the Skirmisher (Demonspawn Wanderer)       Turns: 107, Time: 00:00:43

Health: 24/24      AC:  5    Str: 10    XL:     2   Next: 3%
Magic:  3/3        EV: 10    Int: 15    God:
Gold:   5          SH:  0    Dex: 12    Spells: 2/3 levels left

rFire    . . .     SeeInvis .   a - +2 spear
rCold    . . .     Gourm    .   (no shield)
rNeg     . . .     Faith    .   h - +0 ring mail
rPois    .         Spirit   .   (no helmet)
rElec    .         Reflect  .   (no cloak)
rCorr    .         Harm     .   (no gloves)
MR       .....                  (no boots)
Stlth    +.........             (no amulet)
HPRegen  0.08/turn              (no ring)
MPRegen  0.08/turn              (no ring)

@: no status effects
A: hooves 1
a: no special abilities


You were on level 1 of the Dungeon.
You were not hungry.

You visited 1 branch of the dungeon, and saw 1 of its levels.

You collected 5 gold pieces.

Inventory:

Hand Weapons
 a - a +2 spear (weapon)
Armour
 h - a +0 ring mail (worn)
Scrolls
 b - a scroll of teleportation
 e - a scroll of random uselessness {unknown}
Potions
 g - a potion of degeneration {unknown}
Comestibles
 c - 5 chunks of flesh
 f - a ration


   Skills:
 * Level 3.3 Fighting
 - Level 1.7 Polearms
 * Level 0.0 Armour
 * Level 1.0 Dodging
 - Level 1.0 Stealth
 - Level 1.0 Spellcasting
 - Level 2.0 Summonings
   Level 1.0 Evocations


You had 2 spell levels left.
You knew the following spells:

 Your Spells              Type           Power        Failure   Level  Hunger
a - Summon Butterflies    Summ           #.......     28%         1    ##.....

Your spell library contained the following spells:

 Spells                   Type           Power        Failure   Level  Hunger
 Call Canine Familiar     Summ           #.......     63%         3    ####...


Dungeon Overview and Level Annotations

Branches:
Dungeon (1/15)

Altars:


Innate Abilities, Weirdness & Mutations

You have large cloven feet.


Message History

You start putting on your armour.
You continue putting on your ring mail. x5
You finish putting on your +0 ring mail.
Drop what? 8/52 slots (_ for help) (? for menu, Esc to quit)
You drop a +0 robe.
The bat is too close now for your liking.
You hit the bat.
The bat is severely wounded.
The bat hits you but does no damage. The bat closely misses you.
Attack whom?
Press: ? - help, Dir - move target cursor, f - bat
Aim: a bat (severely wounded)
You reach to attack!
You hit the bat.
You kill the bat!
Your Dodging skill increases to level 1!
You have reached level 2!
You feel monstrous as your demonic heritage exerts itself.
Your demonic ancestry asserts itself...
Your feet thicken and deform.
Are you sure you want to abandon this character and quit the game? (Confirm with "yes".)

#. #### #.# #... #.#
#... #.###...
###+###.......
#............. #######
#.............
###..†.$###..........÷..
.......@.[.............÷
###.....#####.###......÷
............%...........
##.........######.......
##.....##. ####....
......## .# ##..#
######. # #..# #. ##.#
#.


There were no monsters in sight!

Vanquished Creatures
  A goblin (D:1)
  3 hobgoblins (D:1)
  2 bats (D:1)
  A frilled lizard (D:1)
  A rat (D:1)
8 creatures vanquished.

Notes
Turn   | Place    | Note
-------+----------+-------------------------------------------
     0 | D:1      | Chiseanne the Demonspawn Wanderer began the quest for the
                  | Orb.
     0 | D:1      | Chiseanne set off with the following items: a +2 spear, a
                  | scroll of teleportation, a +0 robe, a ration; and the
                  | following spell memorised: Summon Butterflies; and the
                  | following spells available to memorise: Call Canine
                  | Familiar
     0 | D:1      | Reached XP level 1. HP: 18/18 MP: 2/2
   106 | D:1      | Reached skill level 1 in Dodging
   106 | D:1      | Gained mutation: You have large cloven feet. [demonic
                  | ancestry]
   106 | D:1      | Reached XP level 2. HP: 24/24 MP: 3/3
   107 | D:1      | Quit the game

Illustrated notes

Levels and vault maps discovered:
D:1:      nicolae_arrival_memento_mori, layout_basic, minmay_vboxes

Skill      XL: |  1 |
---------------+----+-----
Dodging        | 1 |  1.0
Fighting       | |  3.3
Polearms       | |  1.7
Stealth        | |  1.0
Spellcasting   | |  1.0
Summonings     | |  2.0
Evocations     | |  1.0

Action                   || total
-------------------------++-------
Melee: Spear             ||    12
 Stab: Sleeping          ||     2
Armor: Ring mail         ||     1
Dodge: Dodged            ||     1

Table legend:
 A = Non-vault XP
 B = Vault XP
 C = Vault XP percentage of total XP
 D = Non-vault monster count
 E = Vault monster count
 F = Vault count percentage of total count
                 A         B        C        D         E       F
            +---------+---------+-------+---------+---------+-------
      Total |      13 |       0 |   0.0 |       8 |       0 |   0.0
            +---------+---------+-------+---------+---------+-------
        D:1 |      13 |       0 |   0.0 |       8 |       0 |   0.0
            +---------+---------+-------+---------+---------+-------
